 Dungeon Crawl Stone Soup version 0.32-a0-909-gc671339a80 (webtiles) character file.

Game seed: 6683812885466460477

275 smashvw the Changeling (level 6, -1/38 HPs)
             Began as an Octopode Shapeshifter on Apr 6, 2024.
             Slain by a crocodile (16 damage)
             ... in a sewer.
             The game lasted 00:05:43 (2687 turns).

smashvw the Changeling (Octopode Shapeshifter)      Turns: 2687, Time: 00:05:44

Health: -1/38      AC:  1    Str: 13    XL:     6   Next: 25%
Magic:  6/6        EV: 12    Int: 12    God:
Gold:   157        SH:  0    Dex: 14    Spells: 5/5 levels left

rFire   + .          .
                       - Unarmed
rCold   . . .        (no shield)
rNeg    . . .        (helmet currently unavailable)
rPois   .            (no amulet)
rElec   .            o - ring of protection from fire
rCorr   .            (no ring)
SInv    .            (no ring)
Will    .....        (no ring)
Stlth   +++          (no ring)
HPRegen 0.26/turn    (no ring)
MPRegen 0.10/turn    (no ring)
                     (no ring)

%: no passive effects
@: brilliant, about to teleport, beast-form
A: beast (slay +3), almost no armour, amphibious, 8 rings, camouflage 1,
gelatinous body 1, nimble swimmer 1, tentacles
a: Begin Untransformation


You were in a sewer.
You were a hulking beast.
You visited 1 branch of the dungeon, and saw 4 of its levels.
You also visited: Sewer.

You collected 157 gold pieces.

Inventory:

Hand Weapons
 f - a +1 dagger of flaming
Jewellery
 o - a ring of protection from fire (left tentacle)
Talismans
 b - a beast talisman (active)
 c - a flux talisman
 d - a maw talisman
Scrolls
 a - a scroll of blinking {unknown}
 e - 3 scrolls of teleportation
 g - a scroll of enchant armour {unknown}
 h - 2 scrolls of noise {unknown}
 i - 4 scrolls of identify {unknown}
 j - a scroll of poison {unknown}
 l - a scroll of vulnerability {unknown}
 p - a scroll of immolation {unknown}
 r - a scroll of enchant weapon {unknown}
Potions
 k - 2 potions of curing
 m - 2 potions of brilliance
 n - a potion of berserk rage {unknown}
 q - a potion of heal wounds


   Skills:
 - Level 1.0 Fighting
 - Level 2.0 Dodging
 - Level 4.0 Unarmed Combat
 + Level 5.8 Shapeshifting


You had 5 spell levels left.
You didn't know any spells.
Your spell library contained the following spells:

 Spells                   Type           Power      Damage    Failure   Level
 Foxfire                  Conj/Fire      0%         2x1d4     32%         1
 Sandblast                Erth           0%         2d4       32%         1
 Call Canine Familiar     Summ           0%         N/A       69%         3
 Passwall                 Erth           0%         N/A       69%         3
 Sigil of Binding         Hex            0%         N/A       69%         3
 Dimensional Bullseye     Hex/Tloc       0%         N/A       97%         4
 Borgnjor's Vile Clutch   Necr/Erth      0%         N/A       100%        5


Dungeon Overview and Level Annotations

Branches:
Dungeon (4/15)              Sewer (1/1)
 Temple: D:4-7

Altars:

Shops:
D:4 !


Innate Abilities, Weirdness & Mutations

You are a hulking beast.
Your limbs bulge with bestial killing power. (Slay +3)
You cannot wear most types of armour.
You are amphibious.
You can wear up to eight rings at the same time.
Your skin changes colour to match your surroundings (Stealth+).
Your rubbery body absorbs attacks. (AC +1, EV +1)
You are camouflaged when in or above water. (Stealth+)
You have tentacles for arms and can constrict up to eight enemies at once.


Message History

You constrict the river rat. The river rat closely misses you.
You tentacle-slap the river rat.
You kill the river rat!
You see here a river rat corpse.
A crocodile comes into view.
A crocodile is nearby!
The crocodile bites you.
You tentacle-slap the crocodile. Your squeeze misses the crocodile.
The crocodile is lightly wounded.
The crocodile bites you!
You are too injured to fight recklessly!
You are too injured to fight recklessly!
You tentacle-slap the crocodile but do no damage.
You squeeze the crocodile, but do no damage.
The crocodile is lightly wounded.
It was a potion of curing.
You feel better. The crocodile closely misses you.
You tentacle-slap the crocodile but do no damage.
The crocodile is lightly wounded.
The crocodile bites you!
It was a potion of brilliance.
You feel clever all of a sudden. The crocodile bites you.
* * * LOW HITPOINT WARNING * * *
It was a potion of heal wounds.
You feel much better. The crocodile bites you!
You tentacle-slap the crocodile but do no damage.
The crocodile is lightly wounded.
The crocodile bites you but does no damage.
You closely miss the crocodile.
The crocodile is lightly wounded.
The crocodile barely misses you.
You closely miss the crocodile. You squeeze the crocodile.
The crocodile is lightly wounded.
The crocodile bites you!
Okay, then.
As you read the scroll labelled GIUCZENYUDO, it crumbles to dust.
You feel strangely unstable.
It was a scroll of teleportation.
The crocodile closely misses you.
The crocodile attacks as it pursues you!
The crocodile misses you. The crocodile bites you!
You die...

≈≈≈≈≈≈≈#~#~.~~~.~~.~.~~##
≈≈≈≈≈≈≈#~#~.~~.~..~...~~~
≈≈≈≈≈≈≈#~#.#########).~##
≈≈≈≈≈≈≈#~#.~~~)~~~~)~.~~#
≈≈≈≈≈≈≈#~#~####.####.~~~#
≈≈≈≈≈≈≈#†#~# ##~# #~.~..~
≈≈≈≈≈≈≈#~### #.## #......
#~# ###.# ######. #h#
#...# #~~†~~. #l# ##~~#
######~ #~# #..# #.~..~~
~P~ #### #.~~... .~~..
#P..~.. ≈~.~..~ ~~~PP~.#
#≈...~..# .##P.P##
#####..## #### ###


You could see a crocodile.

Vanquished Creatures
  An ogre (D:4)
  An orc priest (D:4)
  An adder (D:3)
  5 river rats
  A dart slug (D:4)
  2 ribbon worms
  7 orcs
  5 bats
  8 endoplasms
  3 giant cockroaches
  6 hobgoblins
  10 jackals
  6 quokkas
  3 ball pythons
  3 frilled lizards
  6 goblins
  13 kobolds
  5 rats
86 creatures vanquished.

Notes
Turn   | Place    | Note
-------+----------+-------------------------------------------
     0 | D:1      | smashvw the Octopode Shapeshifter began the quest for the
                  | Orb.
     0 | D:1      | Reached XP level 1. HP: 13/13 MP: 1/1
    91 | D:1      | Reached XP level 2. HP: 18/18 MP: 2/2
   477 | D:1      | Reached XP level 3. HP: 16/23 MP: 3/3
   562 | D:1      | Got the Tome of Grey Embers
   954 | D:2      | Found a faded altar of an unknown god.
  1527 | D:3      | Reached XP level 4. HP: 26/28 MP: 4/4
  1558 | D:3      | Reached skill level 4 in Shapeshifting
  2162 | D:4      | Found Ifoiwapi's Distillery.
  2202 | D:4      | Reached XP level 5. HP: 21/33 MP: 5/5
  2266 | D:4      | Noticed an ogre
  2276 | D:4      | Killed an ogre
  2277 | D:4      | Reached skill level 5 in Shapeshifting
  2457 | D:4      | Reached XP level 6. HP: 37/38 MP: 6/6
  2504 | D:4      | Found a glowing drain.
  2509 | Sewer    | Entered a sewer
  2687 | Sewer    | Slain by a crocodile

Illustrated notes

Levels and vault maps discovered:
D:1:      evilmike_arrival_crescent, layout_basic
D:2:      layout_basic, shapermc_ecumenical_altar_venn, minivault_24
D:3:      layout_loops_cross, serial_forest, infiniplex_forest_lined_3,
          infiniplex_forest_straight_4, infiniplex_forest_end_3,
          infiniplex_forest_clump_cross, infiniplex_forest_end_1,
          infiniplex_forest_lined_1, infiniplex_forest_lined_room_2,
          infiniplex_forest_lined_2, infiniplex_forest_clump_cross
D:4:      layout_loops_ring, gammafunk_temple_overflow_elements, serial_shops,
          shop, gup_sewer_entry_bowl, amcnicky_mini_rare_corridor_liquid
Sewer:    sewer_co_scattered_pipes

Skill      XL: |  1  2  3  4  5 |
---------------+----------------+-----
Unarmed Combat | 4 |  4.0
Shapeshifting  | 4 5 |  5.8
Fighting       | |  1.0
Dodging        | |  2.0

Action                     |  1- 3 |  4- 6 || total
---------------------------+-------+-------++-------
  Melee: Unarmed           |    70 |    82 ||   152
         Tentacles         |    22 |    18 ||    40
         Constrict         |    18 |    20 ||    38
         Punch             |     4 |     2 ||     6
    Use: Potion            |       |     4 ||     4
         Scroll            |       |     1 ||     1
   Stab: Sleeping          |     3 |     9 ||    12
 Armour: Skin              |    23 |    31 ||    54
  Dodge: Dodged            |    34 |    28 ||    62

Table legend: (Time is in decaauts)
 A = Elapsed time spent in this place.
 B = Non-inter-level travel time spent in this place.
 C = Inter-level travel time spent in this place.
 D = Time resting spent in this place.
 E = Time spent auto-exploring this place.
 F = Levels seen in this place.
 G = Mean time per level.
                   A        B        C        D        E       F      G
               +--------+--------+--------+--------+--------+-----+--------+
         Total |   2674 |   2595 |     79 |     36 |   2086 |   5 |  534.8 |
       Dungeon |   2498 |   2419 |     79 |     36 |   1990 |   4 |  624.5 |
         Sewer |    175 |    175 |      0 |      0 |     96 |   1 |  175.0 |
               +--------+--------+--------+--------+--------+-----+--------+

Top non-repeatable levels by time:
     D:3: 809 daAuts
     D:1: 657 daAuts
     D:2: 633 daAuts
     D:4: 398 daAuts
   Sewer: 175 daAuts
